 Dungeon Crawl Stone Soup version 0.19.0 (webtiles) character file.

128 Danakh the Covered (level 4, -1/41 HPs)
             Began as a Minotaur Fighter on Nov 6, 2016.
             Slain by Natasha (2 damage)
             ... on level 2 of the Dungeon.
             The game lasted 00:04:34 (1509 turns).

Danakh the Covered (Minotaur Fighter)               Turns: 1509, Time: 00:04:36

Health: -1/41      AC:  9    Str: 22    XL:     4   Next: 87%
Magic:  12/12      EV:  5    Int:  5    God:
Gold:   123        SH:  9    Dex:  6    Spells: 0 memorised, 3 levels left

rFire  . . .     SeeInvis .     a - +0 war axe
rCold  . . .     Gourm    .     s - +0 chain mail
rNeg   . . .     Faith    .     c - +0 shield
rPois  .         Spirit   .     (helmet restricted)
rElec  .         Reflect  .     (no cloak)
rCorr  .         Harm     .     (no gloves)
MR     .....                    (no boots)
Stlth  ..........               (no amulet)
                                u - -3 ring of dexterity (curse)
                                m - ring of magical power

@: slowed, very slow
A: retaliatory headbutt, horns 2
a: no special abilities


You were on level 2 of the Dungeon.
You were not hungry.

You visited 1 branch of the dungeon, and saw 2 of its levels.

You collected 123 gold pieces.

Inventory:

Hand Weapons
 a - a +0 war axe (weapon)
Armour
 b - a +0 scale mail
 c - a +0 shield (worn)
 s - a +0 chain mail (worn)
Jewellery
 m - a ring of magical power (left hand)
 u - a cursed -3 ring of dexterity (right hand)
Scrolls
 h - a scroll of random uselessness {unknown}
 i - a scroll of remove curse {unknown}
 j - a scroll of teleportation {unknown}
 k - 2 scrolls of identify {unknown}
 q - a scroll of enchant weapon {unknown}
Potions
 d - 2 potions of might
 e - 4 potions of degeneration {unknown}
 g - a potion of heal wounds {unknown}
 l - a potion of resistance {unknown}
 n - a potion of lignification {unknown}
 o - a potion of curing {unknown}
 t - a potion of cancellation {unknown}
Comestibles
 f - 2 bread rations
 p - a meat ration


   Skills:
 + Level 4.3 Fighting
 * Level 4.1 Axes
 + Level 4.8 Armour
 + Level 4.3 Shields


You had 3 spell levels left.
You didn't know any spells.

Dungeon Overview and Level Annotations

Branches:
Dungeon (2/15)

Altars:
Cheibriados
Dithmenos

Annotations:
D:2 Natasha


Innate Abilities, Weirdness & Mutations

You reflexively headbutt those who attack you in melee.
You have a pair of horns on your head.


Message History

The shadow imp hits you.
* * * LOW HITPOINT WARNING * * *
Natasha claws you.
* * * LOW HITPOINT WARNING * * *
The shadow imp hits you.
* * * LOW HITPOINT WARNING * * *
You are too injured to fight recklessly!
Unknown command.
You are too injured to fight recklessly!
Unknown command.
You are too injured to fight recklessly!
Unknown command.
You closely miss Natasha.
Natasha is severely wounded.
You closely miss the shadow imp.
The crimson imp disappears in a puff of smoke!
You block Natasha's attack. The shadow imp hits you.
* * * LOW HITPOINT WARNING * * *
Natasha claws you.
You die...

#.############ #.# #.#
#.##.........# #.# #.#
#.##.#######.# ######.# #.#
#.##.#######.#### ##...##.# #.#
#......##.......###.###.#<# #.#
#..#.#.##.#####.....# #.#.# #.#
#.........# #§###.###.#.# #.#
#..#.#.#..# #h# ##...##.# #.#
#...[..#..# #@# ##.###.# #..
#..#.###..#####5# #.# #.# ###
#.(#.# #..<.....#####.###.######
#†...# #.........<..............
###)#.#######.#########.#...#####
.≈≈≈#..................###..#
≈≈≈≈≈##################.#.#(#
≈≈.≈≈_# #.........# ##.##.#
≈≈≈≈≈####.#######.# #.##.#


You could see Natasha and a shadow imp.

Vanquished Creatures
  Natasha (twice) (D:2)
  2 adders (D:2)
  2 oozes (D:1)
  A worm (D:2)
  A dart slug (D:2)
  A leopard gecko (D:2)
  6 bats
  3 giant cockroaches (D:1)
  5 hobgoblins
  2 quokkas (D:1)
  A ball python (D:2)
  5 frilled lizards
  7 goblins
  4 kobolds
  6 rats
48 creatures vanquished.

Notes
Turn   | Place    | Note
-------+----------+-------------------------------------------
     0 | D:1      | Danakh the Minotaur Fighter began the quest for the Orb.
     0 | D:1      | Reached XP level 1. HP: 19/19 MP: 0/0
    62 | D:1      | Reached XP level 2. HP: 25/27 MP: 1/1
   498 | D:1      | Reached XP level 3. HP: 33/33 MP: 2/2
   732 | D:2      | Found a shadowy altar of Dithmenos.
   839 | D:2      | Noticed Natasha
   857 | D:2      | Killed Natasha
   857 | D:2      | Reached XP level 4. HP: 13/40 MP: 3/3
  1103 | D:2      | Noticed Natasha
  1109 | D:2      | Killed Natasha
  1177 | D:2      | Found a snail-covered altar of Cheibriados.
  1497 | D:2      | Noticed Natasha
  1509 | D:2      | HP: 1/41 [shadow imp[Natasha] (3)]
  1509 | D:2      | Slain by Natasha

Skill      XL: |  1  2  3  4 |
---------------+-------------+-----
Armour         | 4 |  4.8
Shields        | 4 |  4.3
Axes           | 3 4 |  4.1
Fighting       | 4 |  4.3

Action                   |  1- 3 |  4- 6 || total
-------------------------+-------+-------++-------
Melee: War axe           |    97 |    51 ||   148
       Headbutt          |    11 |     4 ||    15
  Eat: Chunk             |       |     2 ||     2
Armor: Scale mail        |    39 |       ||    39
       Chain mail        |       |    18 ||    18
Dodge: Dodged            |    39 |     6 ||    45
Block: Shield            |    52 |    26 ||    78
